[ PARTIDA AOE2 · #489437362 ]
UnrankedGeorgianos vs Italians
[ ANÁLISIS DE REPETICIÓN · EXTRAÍDO DE LA PARTIDA GRABADA ]
Feudal
—
Castillos
—
Imperial
—
| APM promedio | 71.3 |
| APM pico | 41 |
| eAPM promedio | 24.3 |
| Aldeanos / militares | 4 / 0 |
Foco
⚔️ 0.0% · 🌾 100.0%
Feudal
—
Castillos
—
Imperial
—
| APM promedio | 73.0 |
| APM pico | 42 |
| eAPM promedio | 26.1 |
| Aldeanos / militares | 5 / 0 |
Foco
⚔️ 0.0% · 🌾 100.0%
Feudal
—
Castillos
—
Imperial
—
| APM promedio | 15.6 |
| APM pico | 9 |
| eAPM promedio | 15.6 |
| Aldeanos / militares | 0 / 0 |
Feudal
—
Castillos
—
Imperial
—
| APM promedio | 64.3 |
| APM pico | 37 |
| eAPM promedio | 27.8 |
| Aldeanos / militares | 4 / 0 |
Foco
⚔️ 0.0% · 🌾 100.0%
Feudal
—
Castillos
—
Imperial
—
| APM promedio | 13.9 |
| APM pico | 8 |
| eAPM promedio | 12.2 |
| Aldeanos / militares | 2 / 0 |
Foco
⚔️ 0.0% · 🌾 100.0%
Feudal
—
Castillos
—
Imperial
—
| APM promedio | 13.9 |
| APM pico | 8 |
| eAPM promedio | 13.9 |
| Aldeanos / militares | 4 / 0 |
Foco
⚔️ 0.0% · 🌾 100.0%
Feudal
—
Castillos
—
Imperial
—
| APM promedio | 15.6 |
| APM pico | 9 |
| eAPM promedio | 15.6 |
| Aldeanos / militares | 0 / 0 |
Feudal
—
Castillos
—
Imperial
—
| APM promedio | 40.0 |
| APM pico | 23 |
| eAPM promedio | 12.2 |
| Aldeanos / militares | 2 / 0 |
Foco
⚔️ 0.0% · 🌾 100.0%
Mapa de la partida
Recursos iniciales + cada clic de construcción. Líneas = muros · curvas = relieve. ◆ oro · ⬟ piedra · ● bayas · ✦ reliquia · ◌ hueco del cierre
Tu base
Base de Neo
Base de Newell's
Base de Camagroc
Base de MegaWickedMan
Base de Nanox
Base de RockAxe4356
Base de Sir Monkey
Terreno inicial suavizado · ◌ = hueco del cierre detectado · pasá el cursor para detalles
Inputs por minuto
— [AJJRR] Minillop - - Neo
Build order — [AJJRR] Minillop
6 acciones detectadas en el replay
| 0:02 | Crear | Villager (Male) |
| 0:02 | Crear | Villager (Male) |
| 0:02 | Crear | Villager (Male) |
| 0:10 | Construir | House |
| 0:12 | Construir | House |
| 0:33 | Crear | Villager (Male) |
Build order — Neo
7 acciones detectadas en el replay
| 0:03 | Crear | Villager (Male) |
| 0:04 | Crear | Villager (Male) |
| 0:06 | Construir | House |
| 0:09 | Construir | House |
| 0:14 | Crear | Villager (Male) |
| 0:15 | Crear | Villager (Male) |
| 0:15 | Crear | Villager (Male) |
Build order — Newell's
0 acciones detectadas en el replay
Build order — Camagroc
6 acciones detectadas en el replay
| 0:04 | Crear | Villager (Male) |
| 0:04 | Crear | Villager (Male) |
| 0:04 | Crear | Villager (Male) |
| 0:07 | Construir | House |
| 0:09 | Construir | House |
| 0:14 | Crear | Villager (Male) |
Build order — MegaWickedMan
4 acciones detectadas en el replay
| 0:01 | Crear | Villager (Male) |
| 0:02 | Crear | Villager (Male) |
| 0:05 | Construir | House |
| 0:07 | Construir | House |
Build order — Nanox
1 acciones detectadas en el replay
| 0:03 | Crear | Villager (Male) ×4 |
Build order — RockAxe4356
0 acciones detectadas en el replay
Build order — Sir Monkey
4 acciones detectadas en el replay
| 0:00 | Crear | Villager (Male) |
| 0:01 | Crear | Villager (Male) |
| 0:04 | Construir | House |
| 0:05 | Construir | House |
Cronología de la partida
| 0:01 | Newell's · resign |
[ ANÁLISIS IA · 1 CRÉDITO ]
¿Qué pasó realmente en esta partida?
Wolo.gg analiza cada decisión: build order, eco, micro, errores típicos por bracket. Análisis personalizado por WhatsApp o Discord en 30 segundos.
Guía civ
Georgianos
Perfil
[AJJRR] Minillop